 Dungeon Crawl Stone Soup version 0.23-a0-650-ga4d50d4d25 (webtiles) character file.

651 RKaid the Carver (level 7, -4/59 HPs)
             Began as a Human Chaos Knight on Jan 5, 2019.
             Was a Plaything of Xom.
             Slain by a wyvern (12 damage)
             ... on level 4 of the Dungeon.
             The game lasted 00:13:21 (4575 turns).

RKaid the Carver (Human Chaos Knight)               Turns: 4575, Time: 00:13:22

Health: -4/59      AC:  9    Str: 15    XL:     7   Next: 83%
Magic:  7/7        EV: 11    Int: 13    God:    Xom [*.....]
Gold:   189        SH:  4    Dex: 10    Spells: 6/6 levels left

rFire    + . .     SeeInvis .   a - +0 falchion (chaos)
rCold    . . .     Gourm    .   (no shield)
rNeg     . . .     Faith    .   p - +2 leather armour
rPois    .         Spirit   .   (no helmet)
rElec    .         Reflect  .   (no cloak)
rCorr    .         Harm     .   v - +0 pair of gloves
MR       .....                  u - +2 pair of boots
Stlth    +.........             (no amulet)
HPRegen  0.19/turn              m - ring of protection from fire {rF+}
MPRegen  0.10/turn              s - +3 ring of strength

@: hasted, very quick
A: large bone plates 1, blurry vision 2, clumsy 1, deterioration 1, screaming 1,
weak 1
a: Renounce Religion


You were on level 4 of the Dungeon.
You worshipped Xom.
You were a special plaything of Xom.
You were not hungry.

You visited 1 branch of the dungeon, and saw 4 of its levels.

You collected 189 gold pieces.

Inventory:

Hand Weapons
 a - a +0 falchion of chaos (weapon)
 b - a +0 blowgun
   (You took it off a kobold on level 3 of the Dungeon)
 t - a cursed -3 short sword
   (You found it on level 2 of the Dungeon)
Missiles
 c - 7 javelins (quivered)
 l - 42 poisoned needles
Armour
 p - a +2 leather armour (worn)
 u - a +2 pair of boots (worn)
   (You found it on level 3 of the Dungeon)
 v - a +0 pair of gloves (worn)
   (You found it on level 2 of the Dungeon)
Magical Staves
 g - an uncursed staff of wizardry {wiz+, !a}
   (Xom gifted it to you on level 2 of the Dungeon)
Jewellery
 m - a ring of protection from fire (left hand) {rF+}
   (You found it on level 1 of the Dungeon)
 n - an uncursed ring of wizardry {Wiz+}
   (You found it on level 1 of the Dungeon)
 o - a +3 ring of intelligence
   (You found it on level 3 of the Dungeon)
 q - an uncursed ring of wizardry {Wiz+}
   (You took it off a kobold on level 3 of the Dungeon)
 r - an uncursed ring of magical power {MP+9}
   (You found it on level 2 of the Dungeon)
 s - a +3 ring of strength (right hand)
   (You found it on level 2 of the Dungeon)
Potions
 d - a potion of brilliance {unknown}
 e - 2 potions of cancellation
 k - a potion of agility
 x - a potion of invisibility
 z - a potion of resistance {unknown}
Comestibles
 f - 8 rations
 A - a chunk of flesh


   Skills:
 + Level 6.3 Fighting
 * Level 8.6 Long Blades
 - Level 2.0 Armour
 - Level 1.0 Dodging


You had 6 spell levels left.
You didn't know any spells.
Your spell library was empty.

Dungeon Overview and Level Annotations

Branches:
Dungeon (4/15)
 Temple: D:4-7

Altars:
Ashenzari
Dithmenos
Elyvilon
Okawaru
Ru
Xom
Zin
The Shining One


Innate Abilities, Weirdness & Mutations

You are partially covered in large bone plates. (SH +4)
Scrolls take you longer to read.
You are clumsy. (Dex -2)
Your body sometimes deteriorates upon taking damage.
You occasionally shout uncontrollably at your foes.
You are weak. (Str -2)


Message History

Things that are here:
a +0 dagger; a +0 robe; an orc skeleton
Things that are here:
a +0 dagger; a +0 robe You see here a +0 falchion.
You begin reading the scroll.
You continue reading the scroll.
As you read the scroll of identify, it crumbles to dust.
j - a potion of degeneration You begin reading the scroll.
You continue reading the scroll.
As you read the scroll of identify, it crumbles to dust.
e - 2 potions of cancellation Drop what? 25/52 slots (_ for help) (? for menu, Esc to quit)
You drop a potion of degeneration {!q}.
You start resting.
Some of the chunks of flesh in your inventory have rotted away.
Things that are here:
a +0 dagger; a +0 robe; an orc skeleton You now have 189 gold pieces (gained 17).
A ball python comes into view.
The ball python hisses angrily.
A wyvern comes into view.
The wyvern hisses angrily.
You hit the wyvern but do no damage.
The wyvern bites you but does no damage.
You closely miss the wyvern. The wyvern closely misses you.
The wyvern bites you!
You closely miss the wyvern. You block the wyvern's attack.
You hit the wyvern. The wyvern bites you.
You barely miss the wyvern. You block the wyvern's attack.
The ball python bites you but does no damage.
The ball python barely misses you. The wyvern bites you!
You hit the wyvern but do no damage. The ball python bites you.
The ball python closely misses you. The wyvern bites you!
You are too injured to fight recklessly!
You are too injured to fight recklessly!
The wyvern barely misses you.
You riposte.
You barely miss the wyvern. The ball python barely misses you.
The ball python grabs you. The ball python constricts you.
There is a stone staircase leading up here.
You escape the ball python's grasp.
The wyvern barely misses you. You block the wyvern's attack.
Things that are here:
a +0 dagger; a +0 robe; an orc skeleton You hit the wyvern but do no damage.
The wyvern barely misses you.
You riposte.
You hit the wyvern but do no damage.
The ball python bites you but does no damage.
You block the ball python's attack. "Over there now!"
The ball python blinks!
The wyvern barely misses you.
You riposte.
You closely miss the wyvern.
There is a stone staircase leading down here.
The ball python closely misses you. The ball python barely misses you.
The wyvern bites you but does no damage.
The ball python barely misses you.
You riposte.
You hit the ball python.
You kill the ball python!
A frilled lizard comes into view.
The wyvern bites you but does no damage.
You block the wyvern's attack.
The frilled lizard hisses angrily.
The wyvern barely misses you. The wyvern closely misses you.
You riposte.
You completely miss the wyvern.
The wyvern completely misses you. "Let's go for a ride!"
Your surroundings seem slightly different.
The wyvern closely misses you.
There is a stone staircase leading up, spattered with blood here.
Xom pokes at a nearby staircase.
The stone staircase leading up moves from beneath you to beneath the wyvern!
The wyvern barely misses you. The wyvern bites you.
You can't go up here!
The wyvern barely misses you.
You see here a +0 whip.
The wyvern bites you!
You aren't carrying any items that you can evoke.
Okay, then.
Press: ? - help, v - describe, . - travel
Here: a wyvern The floor.
Unknown command.
The wyvern bites you!
* * * LOW HITPOINT WARNING * * *
A shower of butterflies erupts from you!
You swap places.
Something bites your butterfly.
Your butterfly dies!
You aren't carrying any scrolls.
You feel much better. The wyvern bites you!
* * * LOW HITPOINT WARNING * * *
The wyvern bites you.
* * * LOW HITPOINT WARNING * * *
You feel yourself speed up. The wyvern bites you.
* * * LOW HITPOINT WARNING * * *
You block the wyvern's attack.
You see here an adder skeleton.
The frilled lizard hisses.
There is a stone staircase leading up here.
Things that are here:
a +0 dagger; a +0 robe; an orc skeleton You swap places.
The wyvern bites you!
You die...
Xom howls with laughter!

.#.#.#.#.#.#.#..#.##.# .#
#.#.#.#.#.#.##..#.##.# .#
.#.#.#.#.#.#....#.##.##.###.
#.#.#.#.#.#.#...#....(......
.#.#.#.#.#.#....#.##.#.###..#
#.#<.)#.#.#.#...l.รท..........
.#.#.#.#.#.#....###<..####...
#.#.#.#l#.#.#...###...####
.#.#.#.#.#.#...>@l.........
................b).........
.#.#.#.#.#.#...#.##...####..
#.#.#.#.#.#.##.#.##...# .
.#.#.#.#.#.#.#.#.##...#
.#############.#.##.....
............ #.#.# #[#### ...


You could see a wyvern.

Vanquished Creatures
  Sigmund (D:2)
  An ogre (D:4)
  A scorpion (D:4)
  4 orc wizards
  Natasha (twice) (D:2)
  11 adders
  An ooze (D:3)
  4 worms
  5 dart slugs
  2 leopard geckos
  7 orcs
  A ball python (D:4)
  9 bats
  A giant cockroach (D:2)
  5 goblins
  7 hobgoblins
  6 jackals
  11 kobolds
  7 frilled lizards
  6 rats
92 creatures vanquished.

Notes
Turn   | Place    | Note
-------+----------+-------------------------------------------
     0 | D:1      | RKaid the Human Chaos Knight began the quest for the Orb.
     0 | D:1      | Reached XP level 1. HP: 18/18 MP: 1/1
    21 | D:1      | XOM: potion effect (experience)
    21 | D:1      | Reached skill level 5 in Fighting
    21 | D:1      | Reached skill level 6 in Long Blades
    21 | D:1      | Reached XP level 2. HP: 27/27 MP: 2/2
   174 | D:1      | XOM: divination: detect items
   217 | D:1      | XOM: silly message
   302 | D:1      | Reached XP level 3. HP: 32/33 MP: 3/3
   310 | D:1      | XOM: scenery: create altars
   388 | D:1      | XOM: 2-stop teleportation journey
   699 | D:1      | XOM: god gift: ring mail {god gift}
   776 | D:2      | Noticed Terence
   780 | D:2      | Noticed Terence
   780 | D:2      | Terence changed into Terence the frilled lizard
   780 | D:2      | XOM: polymorph Terence -> Terence the frilled lizard
   783 | D:2      | Killed Terence the frilled lizard
   969 | D:2      | XOM: god gift: long glowing staff {god gift}
   976 | D:2      | Found a glowing silver altar of Zin.
   976 | D:2      | Found a glowing golden altar of the Shining One.
   976 | D:2      | Found a white marble altar of Elyvilon.
   989 | D:2      | Found a shadowy altar of Dithmenos.
  1016 | D:2      | Reached XP level 4. HP: 34/39 MP: 4/4
  1240 | D:2      | Noticed Natasha
  1258 | D:2      | Killed Natasha
  1258 | D:2      | Reached skill level 7 in Long Blades
  1352 | D:2      | XOM: divination: detect items
  1442 | D:2      | XOM: cloud trail
  1476 | D:2      | Found an iron altar of Okawaru.
  1476 | D:2      | Found a sacrificial altar of Ru.
  1794 | D:2      | Noticed Natasha
  1805 | D:2      | Noticed Natasha
  1805 | D:2      | Natasha changed into Natasha the adder
  1807 | D:2      | Killed Natasha the adder
  1807 | D:2      | Reached XP level 5. HP: 42/44 MP: 5/5
  1886 | D:2      | Noticed Natasha
  1891 | D:2      | Killed Natasha
  1933 | D:2      | Noticed Sigmund
  1947 | D:2      | XOM: chaos upgrade
  1948 | D:2      | XOM: confusion
  1989 | D:2      | HP: 10/44 [Sigmund/+4 scythe of chaos (5)]
  1994 | D:2      | Killed Sigmund
  1994 | D:2      | Reached XP level 6. HP: 37/52 MP: 6/6
  2516 | D:2      | XOM: give mutations
  2516 | D:2      | Gained mutation: Scrolls take you a little longer to read.
                  | [Xom's mischief]
  2516 | D:2      | Gained mutation: Scrolls take you longer to read. [Xom's
                  | mischief]
  2516 | D:2      | Gained mutation: You are clumsy. (Dex -2) [Xom's mischief]
  2516 | D:2      | Gained mutation: Your body sometimes deteriorates upon
                  | taking damage. [Xom's mischief]
  2552 | D:2      | XOM: stat loss: -1 Str (13/14)
  2612 | D:3      | Found a shattered altar of Ashenzari.
  3047 | D:3      | XOM: medium Pois miscast
  3059 | D:3      | XOM: medium Pois miscast
  3387 | D:3      | Reached XP level 7. HP: 55/57 MP: 7/7
  3402 | D:3      | XOM: harmless Chrm miscast
  3486 | D:3      | XOM: give mutation
  3486 | D:3      | Gained mutation: You are weak. (Str -2) [Xom's mischief]
  3600 | D:3      | XOM: mild Tmut miscast
  3990 | D:4      | XOM: mild Erth miscast
  3999 | D:4      | XOM: swap monsters
  4007 | D:3      | Reached skill level 6 in Fighting
  4007 | D:3      | Reached skill level 8 in Long Blades
  4115 | D:4      | XOM: blink monster(s)
  4210 | D:4      | XOM: harmless Fire miscast
  4399 | D:3      | XOM: give mutations
  4399 | D:3      | Gained mutation: You occasionally shout uncontrollably at
                  | your foes. [Xom's mischief]
  4399 | D:3      | Gained mutation: You are partially covered in large bone
                  | plates. (SH +4) [Xom's mischief]
  4516 | D:4      | Noticed a wyvern
  4531 | D:4      | XOM: blink monster(s)
  4544 | D:4      | XOM: 1-stop teleportation journey
  4554 | D:4      | XOM: repel stairs
  4559 | D:4      | HP: 4/59 [wyvern (17)]
  4559 | D:4      | XOM: butterfly on damage
  4565 | D:4      | HP: 7/59 [wyvern (6)]
  4575 | D:4      | Slain by a wyvern

Vault maps used:
D:1:      onia_arrival_pentagram
D:2:      good_gods_mini_temple, lemuel_doored_altar,
          gammafunk_temple_overflow_statue, uniq_natasha, uniq_sigmund,
          uniq_terence
D:3:      old_standard_altar, first_ration
D:4:      grunt_temple_overflow_growth_and_decay, grunt_qazlal_clouds

Skill      XL: |  1  2  3  4  5  6  7 |
---------------+----------------------+-----
Fighting       | 5 6 |  6.3
Long Blades    | 6 7 8 |  8.6
Armour         | |  2.0
Dodging        | |  1.0

Action                   |  1- 3 |  4- 6 |  7- 9 || total
-------------------------+-------+-------+-------++-------
Melee: Falchion          |    75 |   126 |   104 ||   305
  Use: Potion            |       |     3 |     2 ||     5
       Scroll            |       |     8 |     2 ||    10
 Stab: Confused          |       |     1 |       ||     1
  Eat: Chunk             |       |     5 |     1 ||     6
       Ration            |       |     1 |     1 ||     2
Armor: Leather armour    |    27 |    55 |    45 ||   127
Dodge: Dodged            |    44 |    89 |    61 ||   194
Block: Other             |       |       |     7 ||     7
       Rpst.: Falchion   |    15 |    23 |    23 ||    61

Table legend:
 A = Non-vault XP
 B = Vault XP
 C = Vault XP percentage of total XP
 D = Non-vault monster count
 E = Vault monster count
 F = Vault count percentage of total count
                 A         B        C        D         E       F
            +---------+---------+-------+---------+---------+-------
      Total |     665 |     256 |  27.8 |      89 |       3 |   3.3
            +---------+---------+-------+---------+---------+-------
        D:1 |      34 |       0 |   0.0 |      22 |       0 |   0.0
        D:2 |     101 |     256 |  71.7 |      25 |       3 |  10.7
        D:3 |     218 |       0 |   0.0 |      26 |       0 |   0.0
        D:4 |     312 |       0 |   0.0 |      16 |       0 |   0.0
            +---------+---------+-------+---------+---------+-------

Table legend:
 A = Turns spent in this place as a percentage of turns spent in the entire game.
 B = Non-inter-level travel turns spent in this place as a percentage of non-inter-level travel turns spent in the entire game.
 C = Inter-level travel turns spent in this place as a percentage of turns spent in this place.
 D = Turns resting spent in this place as a percentage of non-inter-level travel turns spent in this place.
 E = Turns spent auto-exploring this place as a percentage of non-inter-level travel turns spent in this place.
 F = Non-inter-level travel turns spent in this place divided by the number of levels of this place that you've seen.
                   A       B       C       D       E      F
               +-------+-------+-------+-------+-------+----------------------
         Total | 100.0 | 100.0 |   4.6 |  21.5 |  52.8 | 1090.8
       Dungeon | 100.0 | 100.0 |   4.6 |  21.5 |  52.8 | 1090.8
               +-------+-------+-------+-------+-------+----------------------

Table legend:
 A = Kills in this place as a percentage of kills in entire the game.
 B = Kills by you in this place as a percentage of kills by you in the entire game.
 C = Kills by friends in this place as a percentage of kills by friends in the entire game.
 D = Other kills in this place as a percentage of other kills in the entire game.
 E = Experience gained in this place as a percentage of experience gained in the entire game.
 F = Experience gained in this place divided by the number of levels of this place that you have seen.
                   A       B       C       D       E      F
               +-------+-------+-------+-------+-------+----------------------
         Total | 100.0 | 100.0 |   N/A | 100.0 | 100.0 | 230.2
       Dungeon | 100.0 | 100.0 |   N/A | 100.0 | 100.0 | 230.2
               +-------+-------+-------+-------+-------+----------------------
